AoeStats
← LRNI | Moises

Arena

510566525Analyzed
3v3 RM · 2d ago on Oct 1, 2026· 24m 20s· 6 players
Game mode
Random Map
Map size
Normal (6 player)
Population
200
Speed
Normal
Resources
Standard
Victory
Conquest
Starting age
Dark Age
Ending age
Imperial Age
RankedLock teamsTeams togetherTeam positionsShared explorationLock speedFull tech treeHidden civsTurbo modeCheats
Victory
Defeat
🇺🇸 Cumans · United States
1417
+12
🇨🇴 Celts · Colombia
1243
+19
🇨🇱 Bohemians · Chile
1237
+19
🇧🇷 Poles · Brazil
1352
-18
🇨🇳 Mongols · China
1298
-16
🇦🇷 Italians · Argentina
1295
-16
pickmyself or end
10:34 Feudal Age
11:53 Double-Bit Axe
11:51 Horse Collar
14:52 Castle Age
16:09 Bow Saw
16:00 Heavy Plow
16:45 Wheelbarrow
flinT
10:55 Feudal Age
14:39 Castle Age
12:39 Double-Bit Axe
12:34 Horse Collar
16:04 Bow Saw
17:23 Fervor
19:24 Gold Mining
20:38 Loom
kbmatador17
9:36 Feudal Age
14:03 Castle Age
11:53 Double-Bit Axe
12:09 Horse Collar
15:34 Bow Saw
16:19 Gold Mining
LRNI MarinM
8:53 Feudal Age
10:11 Double-Bit Axe
10:28 Horse Collar
19:31 Castle Age
17:22 Loom
18:48 Wheelbarrow
18:15 Gold Mining
19:16 Forging
19:22 Scale Barding Armor
20:27 Bloodlines
22:38 Iron Casting
LRNI | Moises
10:47 Feudal Age
11:07 Loom
11:57 Town Watch
14:37 Castle Age
12:51 Double-Bit Axe
13:27 Horse Collar
15:29 Wheelbarrow
19:25 Hand Cart
19:54 Heavy Plow
23:54 Bow Saw
LRNI_Thegar
10:34 Feudal Age
8:58 Loom
14:30 Castle Age
Connection lost

Rejoining the realm…

Still unreachable

The connection could not be restored.

Session expired

The server has moved on; the page needs a fresh start.